[Event "Early-Titled-Tuesday-Blitz-November-28-2023"]
[Site "Chess.com"]
[Date "2023.11.28"]
[Round "2"]
[White "kubal123"]
[Black "DuleMudule"]
[Result "1-0"]
[WhiteElo "2459"]
[BlackElo "2807"]
[TimeControl "180+1"]
[EndTime "8:16:55 PST"]
[Termination "kubal123 won by resignation"]

1. e4 c6 2. d4 d5 3. e5 Bf5 4.
Nf3 e6 5. Be2 h6 6. O-O Ne7 7.
Ne1 Bg6 8. Nd2 Nf5 9. Nb3 Nd7 10. Nd3 Be7 11. a4 O-O 12. Bd2 Rc8 13. a5 c5 14.
dxc5 Qc7 15. a6 bxa6 16. Rxa6 Nxc5 17. Ba5 Qb8 18. Nbxc5 Bxc5 19. c3 Bb6 20. Bxb6 axb6 21. Qb3 d4 22. c4 Qc7 23. Rc1 Ne7 24. Qxb6 Bxd3 25. Qxc7 Rxc7 26. Bxd3 Nc6 27. f4 Rb8 28. Be4 Nb4 29. Ra4 g6 30. c5 d3 31. Kf2 d2 32.
Rd1 Rxc5 33. Rxd2 Rc4 34. Bf3 Rxf4 35. Rd7 Nc6 36. Rxf4 Nxe5 37. Rd2 g5 38. Ra4 Kg7 39. Be2 f5 40. b4 Kf6 41. b5 f4 42. Rb4 Rb6 43.
Ra2 Nd7 44. Ra6 Rb8 45. b6 Nc5 46. Ra7 Ke5 47. b7 Ne4+ 48. Rxe4+ Kxe4 49. Bf3+ Ke5 50. Ra8 1-0

[Event "Early-Titled-Tuesday-Blitz-November-28-2023"]
[Site "Chess.com"]
[Date "2023.11.28"]
[Round "2"]
[White "zajka-molotok"]
[Black "Bodhanas"]
[Result "1-0"]
[WhiteElo "2493"]
[BlackElo "2215"]
[TimeControl "180+1"]
[EndTime "8:16:55 PST"]
[Termination "zajka-molotok won by resignation"]

1. e4 e6 2. d4 d5 3. exd5 exd5 4. Nf3 Nf6 5. Bd3 Bd6 6. Qe2+ Qe7 7. Qxe7+ Bxe7 8. Bf4 c6 9. O-O O-O 10. Re1 Re8 11. a4 h6 12. h3 Be6 13. c3 Nbd7 14.
a5 a6 15. b4 Nf8 16. Nbd2 Rad8 17. Nb3 Bd6 18. Bxd6 Rxd6 19. Nc5 Re7 20. Ne5 Rd8 21.
f4 Rde8 22. Kf2 Bc8 23. g4 N8d7 24. Re3 Nxc5 25. bxc5 Ne4+ 26. Bxe4 dxe4 27. Nc4 f5 28. Nd6 Rf8 29. Kg3 g5 30. Rf1 fxg4 31. hxg4 Kg7 32.
f5 h5 33. Rxe4 Rxe4 34. Nxe4 Kh6 35. Nd6 h4+ 36. Kh3 Kg7 37. Re1 Kf6 38. Re5 Bd7 39.
Ne4+ Kg7 40. Nxg5 Re8 41. Rxe8 Bxe8 42. Kxh4 Kf6 43. Ne4+ Kg7 44. g5 Bf7 45. g6 Bxg6 46. fxg6 Kxg6 47. Kg4 Kf7 48. Kf5 Ke7 49. Ke5 Kd7 50.
Nd6 Kc7 51. Ke6 Kb8 52. Kd7 Ka7 53. Kc7 Ka8 54. Nxb7 Ka7 55. Kxc6 Kb8 56. d5 Kc8 57. d6 Kb8 58. d7 Ka7 59. Nd6 1-0

[Event "Early-Titled-Tuesday-Blitz-November-28-2023"]
[Site "Chess.com"]
[Date "2023.11.28"]
[Round "2"]
[White "Dewarfd"]
[Black "pasteta13"]
[Result "0-1"]
[WhiteElo "2120"]
[BlackElo "2442"]
[TimeControl "180+1"]
[EndTime "8:16:56 PST"]
[Termination "pasteta13 won by resignation"]

1. d4 Nf6 2. e3 d6 3. Nf3 Nbd7 4.
Be2 e5 5. b4 Be7 6. Bb2 e4 7.
Nfd2 d5 8. c4 dxc4 9. Nxc4 Bxb4+ 10. Bc3 Qe7 11. O-O O-O 12. Qb3 a5 13. a3 Bxc3 14.
Nxc3 c6 15. a4 Nd5 16. Nxd5 cxd5 17. Nb6 Nxb6 18. Qxb6 Rd8 19. Rfc1 Rd6 20. Qc5 b6 21. Qa3 Qd8 22. Rab1 g6 23. Bb5 Kg7 24. Rc2 Ba6 25. Bxa6 Rxa6 26. Rbc1 Ra7 27. Rc8 Qe7 28. h3 Rdd7 29.
R8c6 Qxa3 0-1

[Event "Early-Titled-Tuesday-Blitz-November-28-2023"]
[Site "Chess.com"]
[Date "2023.11.28"]
[Round "2"]
[White "noblerone"]
[Black "sofaceindisguise"]
[Result "0-1"]
[WhiteElo "2542"]
[BlackElo "2805"]
[TimeControl "180+1"]
[EndTime "8:16:58 PST"]
[Termination "sofaceindisguise won by resignation"]

1. d4 Nf6 2. Nf3 e6 3. Bg5 h6 4.
Bh4 Be7 5. Nbd2 d5 6. e3 O-O 7. Bd3 Nbd7 8. c3 c5 9. O-O b6 10. Ne5 Bb7 11. f4 Ne4 12. Bxe7 Qxe7 13. Nxd7 Qxd7 14. Nf3 f6 15. Nd2 Nd6 16. Qg4 Rae8 17. Rae1 Ne4 18. Nxe4 dxe4 19. Bc4 cxd4 20. cxd4 Bd5 21. b3 Rc8 22. Rc1 f5 23. Qe2 Kh7 24. Ba6 Rc7 25. Rxc7 Qxc7 26. Qd2 g5 27. g3 gxf4 28. Rxf4 Rg8 29. Rf1 Rg7 30. Rc1 Qe7 31.
Qf2 Qd6 32. Bf1 h5 33. Bg2 h4 34. gxh4 f4 35. Rf1 f3 0-1

[Event "Early-Titled-Tuesday-Blitz-November-28-2023"]
[Site "Chess.com"]
[Date "2023.11.28"]
[Round "2"]
[White "crazy_m_attack"]
[Black "KejJaj"]
[Result "1-0"]
[WhiteElo "2454"]
[BlackElo "2147"]
[TimeControl "180+1"]
[EndTime "8:16:59 PST"]
[Termination "crazy_m_attack won by resignation"]

1. Nf3 f5 2. b3 Nf6 3. Bb2 e6 4.
g3 d5 5. Bg2 Bd6 6. c4 O-O 7.
Nc3 c6 8. d3 Nbd7 9. cxd5 exd5 10. Qc2 f4 11. O-O-O a5 12. a4 Nc5 13. gxf4 Bxf4+ 14.
e3 Bh6 15. Ba3 b6 16. Kb1 Rf7 17.
Ne5 Rc7 18. d4 Ne6 19. Rhg1 b5 20. Bb2 bxa4 21. Nxa4 c5 22. dxc5 Qe7 23. Bxd5 Nxd5 24. Rxd5 Bb7 25. c6 Ba6 26. Rgd1 Raa7 27. Rd7 Rxd7 28. cxd7 Nd8 29. Nc6 Nxc6 30. Qxc6 Qd8 31. Qb6 Rxd7 32. Qxd8+ Rxd8 33. Rxd8+ Kf7 34. Ra8 Bd3+ 35.
Ka2 1-0

[Event "Early-Titled-Tuesday-Blitz-November-28-2023"]
[Site "Chess.com"]
[Date "2023.11.28"]
[Round "2"]
[White "Shivananda1964"]
[Black "Bauman_Guy"]
[Result "0-1"]
[WhiteElo "2402"]
[BlackElo "2884"]
[TimeControl "180+1"]
[EndTime "8:17:00 PST"]
[Termination "Bauman_Guy won on time"]

1. e4 c5 2. Nf3 d6 3. Bc4 Nf6 4. e5 dxe5 5. Nxe5 e6 6. Qe2 Qc7 7.
d3 Bd6 8. f4 a6 9. a4 Nc6 10.
Nxc6 Qxc6 11. O-O O-O 12. Nc3 b6 13. Ne4 Be7 14. Bd2 Bb7 15. Nxf6+ Bxf6 16. Bc3 Bxc3 17. bxc3 b5 18. Ba2 Rfe8 19. Rf2 Rac8 20. axb5 axb5 21. c4 b4 22. Bb3 Ra8 23. Rff1 g6 24. Rae1 Red8 25.
Rf3 Rd4 26. Qe5 Qd6 27. Qxd6 Rxd6 28. Rfe3 Rd4 29. g3 h5 30. Kf2 h4 31. Re5 Rc8 32.
Ra1 Rd7 33. Ra7 Rdc7 34. Ba4 Kg7 35. Bb5 Kf6 36. g4 Ba8 37. g5+ Ke7 38. Ra5 Bb7 39.
Ke3 Kd6 40. Ba6 Ra8 41. Rb5 Bxa6 42. Rb6+ Rc6 0-1

[Event "Early-Titled-Tuesday-Blitz-November-28-2023"]
[Site "Chess.com"]
[Date "2023.11.28"]
[Round "2"]
[White "ElDivis"]
[Black "parintele_chess"]
[Result "1-0"]
[WhiteElo "2463"]
[BlackElo "2189"]
[TimeControl "180+1"]
[EndTime "8:17:00 PST"]
[Termination "ElDivis won on time"]

1. e4 e5 2. Nf3 Nc6 3. Bc4 Nf6 4. d3 Bc5 5. O-O h6 6. Nc3 d6 7. Nd5 O-O 8. c3 Bg4 9. h3 Bh5 10. g4 Bg6 11. Nh4 Nxd5 12. Nxg6 fxg6 13. b4 Bb6 14. a4 Qh4 15. Bxd5+ Kh7 16. Be3 Bxe3 17. fxe3 Qg3+ 18. Kh1 Qxh3+ 19. Kg1 Qxe3+ 20. Kg2 Rxf1 21. Qxf1 Qd2+ 22. Kg3 Qxc3 23. g5 h5 24. Bf7 Ne7 25. Rc1 Qd2 26. Rxc7 Qxg5+ 27. Kh2 Rf8 28. Rxb7 Qh4+ 29. Qh3 Qf2+ 30. Qg2 Rxf7 31. Qxf2 Rxf2+ 32. Kg3 Rf7 33. Rxa7 g5 34. Kg2 Kg6 35. b5 d5 36. a5 dxe4 37. dxe4 Nc8 38. Ra8 1-0

[Event "Early-Titled-Tuesday-Blitz-November-28-2023"]
[Site "Chess.com"]
[Date "2023.11.28"]
[Round "2"]
[White "atalz0"]
[Black "Andrei_Skvortsov"]
[Result "0-1"]
[WhiteElo "2482"]
[BlackElo "2735"]
[TimeControl "180+1"]
[EndTime "8:17:02 PST"]
[Termination "Andrei_Skvortsov won on time"]

1. d4 g6 2. e4 Bg7 3. Nf3 c6 4. Bd3 d5 5. Nbd2 dxe4 6. Nxe4 Nd7 7. O-O Ngf6 8. Qe2 Nxe4 9. Qxe4 Nf6 10. Qh4 Bg4 11.
Ne5 Be6 12. c3 Qb6 13. Re1 O-O-O 14. a4 Nd5 15. a5 Qc7 16. a6 b5 17. c4 Bf6 18.
Bg5 Bxg5 19. Qxg5 f6 20. Qg3 Nb4 21. cxb5 fxe5 22. Rxe5 Nxd3 23. Rxe6 Qxg3 24. hxg3 cxb5 25. Rxe7 Rd7 26. Re3 Rxd4 27. Ra5 Rd5 28. Re7 Rd7 29. Rxd7 Kxd7 30. Rxb5 Kc6 31. Rb7 Nc5 32. Rxa7 Kb6 0-1

[Event "Early-Titled-Tuesday-Blitz-November-28-2023"]
[Site "Chess.com"]
[Date "2023.11.28"]
[Round "2"]
[White "AccioChess"]
[Black "KNVB"]
[Result "1-0"]
[WhiteElo "2468"]
[BlackElo "2733"]
[TimeControl "180+1"]
[EndTime "8:17:08 PST"]
[Termination "AccioChess won on time"]

1. d4 e5 2. dxe5 Nc6 3. Nf3 Qe7 4. Bf4 Qb4+ 5. Bd2 Qxb2 6. Nc3 Bb4 7. Rb1 Qxc3 8. Bxc3 Bxc3+ 9. Nd2 Nxe5 10. e3 Nf6 11. Bd3 O-O 12. O-O d5 13. Rb3 Ba5 14. h3 Rd8 15. f4 Nc4 16. Nf3 Nxe3 17. Bxh7+ Nxh7 18. Rxe3 Bb6 19. Nd4 Nf6 20. Kh2 Bd7 21. Re5 Ne4 22. Nf5 Bxf5 23. Rxf5 c6 24. Re5 Re8 25. Qg4 Bc7 26. Rxe8+ Rxe8 27. Qd7 1-0

[Event "Early-Titled-Tuesday-Blitz-November-28-2023"]
[Site "Chess.com"]
[Date "2023.11.28"]
[Round "2"]
[White "Lady_Nika"]
[Black "Sulthankan"]
[Result "1-0"]
[WhiteElo "2580"]
[BlackElo "2348"]
[TimeControl "180+1"]
[EndTime "8:17:08 PST"]
[Termination "Lady_Nika won by resignation"]

1. c4 e5 2. Nc3 Nf6 3. g3 c6 4.
Bg2 d5 5. cxd5 cxd5 6. d4 exd4 7.
Qxd4 Nc6 8. Qa4 d4 9. Ne4 Bb4+ 10. Bd2 Bxd2+ 11. Nxd2 O-O 12. Ngf3 Re8 13. Kf1 Bf5 14. Re1 Qd7 15. h4 Re7 16. h5 Rae8 17. h6 g6 18.
Nh4 Be6 19. Bxc6 bxc6 20. Nhf3 d3 21. e3 Bd5 22. Qf4 Ne4 23. Nxe4 Rxe4 24. Qf6 Kf8 25. Ng5 R8e5 26. Nxh7+ Ke8 27. Qh8+ Ke7 28. Nf6 Qf5 29. h7 Rxe3 30. Rxe3 Bxh1 31. Qe8+ Kd6 32. Qxe5+ Qxe5 33. Rxe5 d2 34. Ke2 Kxe5 1-0

[Event "Early-Titled-Tuesday-Blitz-November-28-2023"]
[Site "Chess.com"]
[Date "2023.11.28"]
[Round "2"]
[White "xamax2000"]
[Black "sergeikim"]
[Result "1-0"]
[WhiteElo "2920"]
[BlackElo "2594"]
[TimeControl "180+1"]
[EndTime "8:17:09 PST"]
[Termination "xamax2000 won by resignation"]

1. b3 Nf6 2. Bb2 g6 3. e4 Bg7 4. e5 Nd5 5. Nf3 O-O 6. Bc4 c6 7. O-O d6 8. Re1 Nd7 9. d4 dxe5 10. dxe5 N7b6 11. Bf1 a5 12. c4 Nb4 13. Nc3 Bg4 14.
a3 Qxd1 15. Raxd1 Na6 16. Ne4 Rfd8 17. h3 Bf5 18. Rxd8+ Rxd8 19. Bc3 a4 20. Ba5 axb3 21. Bxb6 Rd7 22. Bd4 c5 23. Bc3 Bh6 24. Nfd2 Nc7 25. Nxb3 b6 26. g4 Bxe4 27. Rxe4 Ne6 28. h4 Bf4 29.
Be2 Ra7 30. Bb2 Rd7 31. Kg2 h6 32. Kf1 g5 33. h5 Nc7 34. Ke1 Ne6 35. Bf1 Nc7 36.
Be2 Ne6 37. Bc1 Bxc1 38. Nxc1 Nf4 39. Bf1 Ra7 40. Re3 Rd7 41. Rb3 Rd4 42. Rxb6 Re4+ 43.
Kd2 Rxe5 44. a4 Re4 45. a5 Rd4+ 46. Kc2 1-0

[Event "Early-Titled-Tuesday-Blitz-November-28-2023"]
[Site "Chess.com"]
[Date "2023.11.28"]
[Round "2"]
[White "Karateloru"]
[Black "GlavkonVVS"]
[Result "1-0"]
[WhiteElo "2799"]
[BlackElo "2541"]
[TimeControl "180+1"]
[EndTime "8:17:09 PST"]
[Termination "Karateloru won by resignation"]

1. e4 Nf6 2. e5 Nd5 3. d4 d6 4. Nf3 Bg4 5. Be2 e6 6. O-O Be7 7. c4 Nb6 8. Nc3 O-O 9. Be3 N8d7 10. exd6 cxd6 11. b3 d5 12. c5 Bxf3 13. Bxf3 Nc8 14.
b4 Bf6 15. Rc1 Ne7 16. b5 Nf5 17. Qd2 Rc8 18. Rfd1 Re8 19. Bg4 Nxe3 20. fxe3 Bg5 21. Qf2 f5 22. Bf3 Nf6 23. g3 b6 24. c6 Qd6 25. a4 Rc7 26. Kg2 Bh6 27. Ne2 g5 28. Kh1 Rf8 29. Nc3 Rcf7 30. a5 Ne4 31. Qe2 g4 32.
Bg2 Nxc3 33. Rxc3 Qb4 34. Rdc1 Qxa5 35. c7 Rc8 36. Rc6 Re7 37. Qd3 Kg7 38. h3 gxh3 39. Bxh3 Qb4 40. g4 f4 41. g5 Bxg5 42. Rg1 Kf6 43.
Qf5+ Kg7 44. Qxg5+ Kf8 45. Qxf4+ Rf7 46. Qh6+ Ke8 47.
Qxe6+ Qe7 48. Qxc8+ 1-0

[Event "Early-Titled-Tuesday-Blitz-November-28-2023"]
[Site "Chess.com"]
[Date "2023.11.28"]
[Round "2"]
[White "Witty_Alien"]
[Black "LiemLe"]
[Result "0-1"]
[WhiteElo "2253"]
[BlackElo "3126"]
[TimeControl "180+1"]
[EndTime "8:17:10 PST"]
[Termination "LiemLe won by checkmate"]

1. e4 c5 2. Nf3 Nc6 3. d4 cxd4 4.
c3 dxc3 5. Bc4 d6 6. O-O a6 7. Re1 Nf6 8. Nxc3 Bg4 9. e5 Bxf3 10. Qxf3 dxe5 11. Bg5 h6 12. Bxf6 gxf6 13. Rad1 Nd4 14. Qh5 Rh7 15. Nd5 e6 16. Rxd4 exd5 17. Rxd5 Qc7 18. Bb3 Rd8 19. Qf5 Rxd5 20. Bxd5 Qd7 21. Qxh7 Qxd5 22. Rc1 Bc5 23. Qf5 Ke7 24. b4 Bd6 25. Rc8 Qd1# 0-1

[Event "Early-Titled-Tuesday-Blitz-November-28-2023"]
[Site "Chess.com"]
[Date "2023.11.28"]
[Round "2"]
[White "carloseduar100"]
[Black "F-Ghaith2021"]
[Result "0-1"]
[WhiteElo "2305"]
[BlackElo "2518"]
[TimeControl "180+1"]
[EndTime "8:17:10 PST"]
[Termination "F-Ghaith2021 won by checkmate"]

1. e4 c6 2. Nf3 d5 3. Nc3 dxe4 4.
Nxe4 Nf6 5. Nxf6+ exf6 6. d4 Bd6 7. c3 O-O 8. Be2 Nd7 9. O-O Re8 10. h3 Nf8 11. Re1 Bc7 12. Be3 Qd6 13. Qd2 Bf5 14. Bf1 Be4 15. Bd3 Bxf3 16. gxf3 Qh2+ 17. Kf1 Bf4 18.
Rac1 Re7 19. Be4 Bxe3 20. Rxe3 Rae8 21. Rce1 g6 22. Ke2 f5 23. Bd3 Rxe3+ 24. Qxe3 Rxe3+ 25. Kxe3 Ne6 26. Be2 Qf4+ 27. Kd3 c5 28. dxc5 Nxc5+ 29. Kc2 Qe5 30. Kd2 Qd6+ 31. Kc2 Ne6 32. Rd1 Qb6 33.
Rf1 Nf4 34. Bc4 Qc6 35. b3 b5 36. Bd3 Nxd3 37. Kxd3 Qxf3+ 38. Kd2 a5 39. h4 h6 40. Re1 Qxf2+ 41. Re2 Qxh4 42. Kc2 h5 43. Kb2 Qf6 44. Ka3 Qxc3 45. Re8+ Kh7 46. Re4 Qc1# 0-1

[Event "Early-Titled-Tuesday-Blitz-November-28-2023"]
[Site "Chess.com"]
[Date "2023.11.28"]
[Round "2"]
[White "fighter2jz"]
[Black "LeoLV10"]
[Result "1-0"]
[WhiteElo "2788"]
[BlackElo "2530"]
[TimeControl "180+1"]
[EndTime "8:17:11 PST"]
[Termination "fighter2jz won by checkmate"]

1. e4 c6 2. d4 d5 3. e5 Bf5 4. Bd3 Bxd3 5. Qxd3 e6 6. Ne2 Qa5+ 7. Nd2 c5 8. O-O Qa6 9. c4 Nc6 10. b3 Rd8 11.
dxc5 Bxc5 12. Qg3 g6 13. Nf3 dxc4 14. Bg5 Be7 15. bxc4 h6 16. Be3 Qxc4 17. Nf4 g5 18. Nh5 Qe4 19. h3 Qg6 20. Qg4 Qf5 21. Qa4 Qg6 22.
Qg4 Rd5 23. Rab1 b6 24. Rfc1 Kd8 25. Rb3 Kd7 26. Qa4 Qxh5 27. Qxc6+ Kd8 28. Qc8# 1-0

[Event "Early-Titled-Tuesday-Blitz-November-28-2023"]
[Site "Chess.com"]
[Date "2023.11.28"]
[Round "2"]
[White "InitiatingASC"]
[Black "elohunter1999"]
[Result "0-1"]
[WhiteElo "2322"]
[BlackElo "2691"]
[TimeControl "180+1"]
[EndTime "8:17:11 PST"]
[Termination "elohunter1999 won by checkmate"]

1. d4 d5 2. c4 c6 3. Nf3 Nf6 4.
g3 Bf5 5. Bg2 e6 6. O-O Be7 7.
b3 h6 8. Bb2 O-O 9. Ne5 Nbd7 10. Nd2 Nxe5 11. dxe5 Nd7 12. e4 dxe4 13. Nxe4 Bxe4 14.
Bxe4 Qc7 15. Qe2 Rad8 16. Rad1 Rfe8 17. Bb1 Nf8 18. Qe3 Qa5 19. Qe4 Ba3 20. Bxa3 Qxa3 21.
f4 Qb2 22. Qc2 Qa1 23. Kg2 Rd4 24. Rxd4 Qxd4 25. Rd1 Qb6 26. Qd3 a5 27. Qd4 Qb4 28.
Qd6 Ra8 29. Kh3 g6 30. Qc7 a4 31. Bc2 axb3 32. Bxb3 h5 33. Kh4 Kg7 34. Kh3 Ra7 35. c5 Qxc5 36. Rd8 Qf2 37. Qb8 g5 38. Rxf8 Qf1# 0-1

[Event "Early-Titled-Tuesday-Blitz-November-28-2023"]
[Site "Chess.com"]
[Date "2023.11.28"]
[Round "2"]
[White "Me_ch_an"]
[Black "wqws"]
[Result "0-1"]
[WhiteElo "2351"]
[BlackElo "2586"]
[TimeControl "180+1"]
[EndTime "8:17:11 PST"]
[Termination "wqws won by resignation"]

1. e4 e5 2. Nf3 Nc6 3. Bb5 a6 4. Ba4 Nf6 5. Qe2 b5 6. Bb3 Bc5 7. c3 O-O 8. O-O d6 9. Rd1 Re8 10. d3 h6 11. Nbd2 Ne7 12. Nf1 Ng6 13. Ng3 Bg4 14. h3 Be6 15. Bc2 Bb6 16. d4 exd4 17.
cxd4 Bc4 18. Bd3 Bxd3 19. Qxd3 c5 20. d5 c4 21. Qc2 Qe7 22. Re1 Ne5 23. Nh4 Nd3 24.
Nhf5 Qd7 25. Re2 Nxe4 26. Nxh6+ gxh6 27. Nxe4 Bd4 28. Bxh6 Qf5 29. Ng3 Qg6 30. Qd2 Qxg3 31. Be3 Rxe3 32. fxe3 Be5 33. Kf1 Qh2 34. Rf2 Qh1+ 35.
Ke2 Qxa1 36. e4 Nxf2 37. Qg5+ Bg7 0-1

[Event "Early-Titled-Tuesday-Blitz-November-28-2023"]
[Site "Chess.com"]
[Date "2023.11.28"]
[Round "2"]
[White "Flawless_Fighter"]
[Black "Iskusnyh"]
[Result "1-0"]
[WhiteElo "2814"]
[BlackElo "2544"]
[TimeControl "180+1"]
[EndTime "8:17:12 PST"]
[Termination "Flawless_Fighter won by resignation"]

1. e4 e6 2. d4 d5 3. Nd2 c5 4.
exd5 Qxd5 5. Ngf3 cxd4 6. Bc4 Qd6 7. O-O Nf6 8. Nb3 Nc6 9. Nbxd4 Nxd4 10. Nxd4 Be7 11. Re1 O-O 12. c3 Qc7 13. Bd3 b6 14. Qf3 Bb7 15. Qh3 Rad8 16. Bg5 g6 17. Rad1 Nd5 18. Bh6 Nf4 19. Qg3 e5 20. Nf5 Rxd3 21. Nxe7+ Qxe7 22. Rxd3 Nxd3 23. Bxf8 Qd7 24. Rd1 e4 25.
Bh6 Qe8 26. h3 Bc6 27. Qd6 a5 28. Qf6 Qe5 29. Qxe5 1-0

[Event "Early-Titled-Tuesday-Blitz-November-28-2023"]
[Site "Chess.com"]
[Date "2023.11.28"]
[Round "2"]
[White "secretsuperstar7"]
[Black "Ezov"]
[Result "0-1"]
[WhiteElo "2476"]
[BlackElo "2250"]
[TimeControl "180+1"]
[EndTime "8:17:12 PST"]
[Termination "Ezov won by resignation"]

1. d4 d5 2. Nf3 c5 3. c3 Nc6 4.
Bf4 Qb6 5. Qd2 Nf6 6. dxc5 Qxc5 7. e3 Ne4 8. Qc2 f6 9. Bd3 e5 10. Bxe4 dxe4 11. Qxe4 f5 12. Qa4 exf4 13. O-O fxe3 14. fxe3 Be7 15. Nbd2 O-O 16. Qb3+ Kh8 17. Kh1 Na5 18.
Qc2 Be6 19. b4 Qc7 20. bxa5 Rac8 21. Nd4 Bd7 22. c4 g6 23. e4 Bf6 24. N2b3 Qxc4 25.
Qd1 Ba4 26. Rc1 Bxb3 27. Nxb3 Qxe4 28. Rxc8 Rxc8 29. Qd7 Qc6 30. Qf7 Bg7 31. h3 Rc7 32.
Nd4 Rxf7 33. Nxc6 bxc6 34. Rc1 Rc7 35. a6 c5 36. Rb1 Be5 37. Rb8+ Kg7 38. Rb7 Kf6 39. Kg1 c4 40. Kf1 c3 41. Ke2 c2 42.
Rxc7 Bxc7 43. Kd2 Ke6 44. Kxc2 Kd6 45. Kd3 Kc6 0-1

[Event "Early-Titled-Tuesday-Blitz-November-28-2023"]
[Site "Chess.com"]
[Date "2023.11.28"]
[Round "2"]
[White "UK_23"]
[Black "Ziyamammadov"]
[Result "0-1"]
[WhiteElo "2398"]
[BlackElo "1859"]
[TimeControl "180+1"]
[EndTime "8:17:12 PST"]
[Termination "Ziyamammadov won on time"]

1. e4 e6 2. d4 d5 3. e5 c5 4.
c3 Nc6 5. Nf3 Qb6 6. Be2 cxd4 7.
cxd4 Bb4+ 8. Nc3 Bxc3+ 9. bxc3 Nge7 10. Bd3 g6 11. Bh6 Nf5 12. Bxf5 exf5 13. O-O Be6 14. Bg7 Rg8 15. Bf6 Qa5 16. Qb3 b6 17. a4 Rc8 18.
Rfc1 a6 19. h4 Na7 20. Rab1 Rc6 21. Ne1 Kd7 22. Nd3 Rgc8 23. Qa3 Re8 24. Nb4 Rc4 25. Nxa6 Rc6 0-1

[Event "Early-Titled-Tuesday-Blitz-November-28-2023"]
[Site "Chess.com"]
[Date "2023.11.28"]
[Round "2"]
[White "Good_Knight_Kiss"]
[Black "Rital44"]
[Result "0-1"]
[WhiteElo "2316"]
[BlackElo "2521"]
[TimeControl "180+1"]
[EndTime "8:17:13 PST"]
[Termination "Rital44 won on time"]

1. e4 c5 2. Nf3 Nc6 3. d4 cxd4 4. Nxd4 e5 5. Nb5 a6 6. Nd6+ Bxd6 7. Qxd6 Qf6 8. Qd1 Qg6 9. Nc3 Nge7 10. h4 h6 11. h5 Qh7 12. Bc4 O-O 13. Be3 b5 14. Bb3 d6 15. Qxd6 Rd8 16. Qc5 Bb7 17. f3 Rac8 18.
O-O Rd7 19. Rad1 Nd4 20. Qxe5 Nec6 21. Qc5 Kh8 22. Nd5 Ne6 23. Qb6 Ne5 24. Nf4 Rc6 25. Rxd7 Rxb6 26. Bxe6 Nxd7 27. Bxd7 Rd6 28. Bf5 Qg8 29. c3 Qd8 30. e5 Rd1 31. Bd4 Rxf1+ 32. Kxf1 Qg5 0-1

[Event "Early-Titled-Tuesday-Blitz-November-28-2023"]
[Site "Chess.com"]
[Date "2023.11.28"]
[Round "2"]
[White "vi_pranav"]
[Black "AljoschaFeuerstack"]
[Result "1-0"]
[WhiteElo "3067"]
[BlackElo "2644"]
[TimeControl "180+1"]
[EndTime "8:17:14 PST"]
[Termination "vi_pranav won on time"]

1. e4 c5 2. Nf3 e6 3. d4 cxd4 4. Nxd4 Nf6 5. Nc3 Nc6 6. a3 d6 7. Be2 Be7 8. O-O O-O 9. Be3 Qc7 10. f4 Nxd4 11. Qxd4 b6 12. Rad1 Bb7 13. Bf3 d5 14. exd5 Bc5 15. Qd2 Nxd5 16. Bxd5 exd5 17. Bd4 Rfe8 18.
Kh1 Rad8 19. h3 a6 20. Rf3 f6 21. Rd3 Bd6 22. Rf3 Rd7 23. Qf2 Bc5 24. Kh2 Qc6 25. b4 Bd6 26. Rdd3 Bc7 27. Kg1 Re4 28. Rd1 Rde7 29. Nxe4 dxe4 30. Re3 Qc4 31. c3 a5 32. Qg3 Rd7 33. Rde1 g5 34. Rf1 Kf7 35. Qg4 1-0

[Event "Early-Titled-Tuesday-Blitz-November-28-2023"]
[Site "Chess.com"]
[Date "2023.11.28"]
[Round "2"]
[White "Mikhail_Golubev"]
[Black "Suspenser17"]
[Result "0-1"]
[WhiteElo "2587"]
[BlackElo "2369"]
[TimeControl "180+1"]
[EndTime "8:17:16 PST"]
[Termination "Suspenser17 won by checkmate"]

1. e4 e5 2. Nf3 Nc6 3. Bc4 Nf6 4. Ng5 d5 5. exd5 Na5 6. Bb5+ c6 7. dxc6 bxc6 8.
Bd3 Nd5 9. Nf3 Bd6 10. O-O O-O 11.
Re1 f5 12. Nxe5 Qf6 13. Nf3 g5 14. c4 Nf4 15. Bf1 g4 16. d4 gxf3 17. Qxf3 Ne6 18.
Qc3 Nxd4 19. Qxa5 Nc2 20. c5 Bb8 21. Bd2 Nxe1 22. Bxe1 Be5 23. Bc3 Be6 24. Nd2 Bxc3 25. bxc3 Rfd8 26. Nf3 Bd5 27. Nd4 f4 28. Re1 Re8 29.
Rb1 Rab8 30. Rxb8 Rxb8 31. Qc7 Rb1 32. Qc8+ Kf7 33. Qd7+ Kg6 34. Qg4+ Qg5 35. Qe2 Qxg2# 0-1

[Event "Early-Titled-Tuesday-Blitz-November-28-2023"]
[Site "Chess.com"]
[Date "2023.11.28"]
[Round "2"]
[White "GMthekingindian"]
[Black "vishwa_vijeta"]
[Result "0-1"]
[WhiteElo "2314"]
[BlackElo "2520"]
[TimeControl "180+1"]
[EndTime "8:17:16 PST"]
[Termination "vishwa_vijeta won on time"]

1. e4 c5 2. Nf3 d6 3. c3 Nf6 4. Be2 g6 5. O-O Bg7 6. Re1 O-O 7. Bf1 Qc7 8. h3 e5 9. a3 Nc6 10. b4 b6 11. Bb2 h6 12. b5 Na5 13. d4 cxd4 14.
cxd4 Re8 15. Nbd2 Bb7 16. Rc1 Qd7 17. dxe5 Nh5 18. Nc4 Nxc4 19. Bxc4 Rad8 20. Qb3 dxe5 21. Rcd1 Qe7 22. Bd5 Bxd5 23. Rxd5 Nf4 24. Rxd8 Rxd8 25. Rd1 Rd6 26. Kh2 Rxd1 27. Qxd1 Qc5 28. Qc1 Qxf2 29. Ne1 Ne2 30. Nd3 Qg3+ 0-1

[Event "Early-Titled-Tuesday-Blitz-November-28-2023"]
[Site "Chess.com"]
[Date "2023.11.28"]
[Round "2"]
[White "FM-to-GM"]
[Black "Orishuas"]
[Result "1-0"]
[WhiteElo "2662"]
[BlackElo "2362"]
[TimeControl "180+1"]
[EndTime "8:17:17 PST"]
[Termination "FM-to-GM won on time"]

1. d4 Nf6 2. c4 c5 3. d5 b5 4.
cxb5 a6 5. bxa6 g6 6. Nc3 Bg7 7. e4 O-O 8. Nf3 Qa5 9. a7 Rxa7 10. Bd2 Qc7 11. Nb5 Qb6 12. Nxa7 Qxa7 13. Qc2 d6 14.
Bd3 Ba6 15. O-O Nbd7 16. Qa4 Ra8 17. Bxa6 Qxa6 18. Qxa6 Rxa6 19. Rfe1 Nb6 20. Bc3 Na4 21. e5 Nxd5 22. exd6 Rxd6 23. Bxg7 Kxg7 24. b3 Nac3 25. Ne5 Ra6 26. a4 Nf4 27. Nc4 e6 28. g3 Nfd5 29.
Rec1 Ne2+ 30. Kf1 Nxc1 31. Rxc1 Nb4 32. Nd2 Rc6 33. Ne4 Na6 34. Ke2 f5 35. Nc3 Kf6 36. Nb5 e5 37. Kd3 Rc8 38. Kc4 Rd8 39. Nc3 Rd4+ 40. Kb5 Nb4 41. a5 Nd3 42. Rb1 Rb4+ 43. Kc6 c4 44. Nd5+ Ke6 45. Nxb4 Nxb4+ 46. Kc5 Nc2 47.
bxc4 1-0

[Event "Early-Titled-Tuesday-Blitz-November-28-2023"]
[Site "Chess.com"]
[Date "2023.11.28"]
[Round "2"]
[White "tandercat"]
[Black "ljuks68"]
[Result "0-1"]
[WhiteElo "2057"]
[BlackElo "2432"]
[TimeControl "180+1"]
[EndTime "8:17:17 PST"]
[Termination "ljuks68 won on time"]

1. d4 d5 2. c4 c6 3. cxd5 cxd5 4.
Nc3 Nf6 5. Bf4 Nc6 6. e3 Bf5 7.
Qb3 Na5 8. Qa4+ Bd7 9. Qc2 e6 10.
Bd3 Nc6 11. a3 Nh5 12. Be5 Nxe5 13. dxe5 g6 14. Nf3 Ng7 15. O-O Be7 16. e4 dxe4 17.
Bxe4 Qb6 18. Rfd1 Rd8 19. Na4 Qb5 20. Nc3 Qb6 21. Rac1 O-O 22. Na4 Bxa4 23. Qxa4 Qxb2 24. Qxa7 Bxa3 25. Qxb7 Qxb7 26. Bxb7 Bxc1 27. Rxc1 Rd7 28. Be4 Rfd8 29. g4 Rd1+ 30. Rxd1 Rxd1+ 31. Kg2 Ne8 32. Ng5 h6 33. Nh3 Nc7 34. Nf4 Rd4 35. f3 Nb5 36.
Ne2 Rd2 37. Kf1 Rb2 38. h4 Na3 39. Ke1 Nc4 40. Kf1 Nxe5 41. Ke1 Nc4 0-1

[Event "Early-Titled-Tuesday-Blitz-November-28-2023"]
[Site "Chess.com"]
[Date "2023.11.28"]
[Round "2"]
[White "RETURNOFTHELAGGER"]
[Black "pinguino120"]
[Result "1-0"]
[WhiteElo "2669"]
[BlackElo "2287"]
[TimeControl "180+1"]
[EndTime "8:17:18 PST"]
[Termination "RETURNOFTHELAGGER won by resignation"]

1. e4 c6 2. d4 d5 3. exd5 cxd5 4. Bd3 Nc6 5. c3 Qc7 6. h3 e5 7. dxe5 Nxe5 8. Bc2 Nf6 9. Nf3 Nxf3+ 10. Qxf3 Be7 11. O-O O-O 12. Nd2 d4 13. Ne4 Nxe4 14. Qxe4 g6 15.
Qxd4 Rd8 16. Qf4 Bd6 17. Qh4 Be6 18. Bg5 Re8 19. Rad1 Be5 20. a4 Qb6 21. Rd2 Bb3 22. Be3 Qe6 23. Bxb3 Qxb3 24. Rfd1 Qe6 25. Rd7 Bf6 26.
Qb4 b6 27. a5 bxa5 28. Qxa5 a6 29. R7d6 Qe5 30. R1d5 Qe7 31. Rxa6 Rxa6 32. Qxa6 Bg5 33.
Rxg5 1-0